 Dungeon Crawl Stone Soup version 0.31.0-10-gcf4a605ca0 (webtiles) character file.

Game seed: 7713816642538524727

14 Arcadio the Chopper (level 2, 27/27 HPs)
             Began as a Hill Orc Monk on Jan 25, 2024.
             Was a Believer of Cheibriados.
             Quit the game on level 1 of the Dungeon.
             The game lasted 00:00:53 (249 turns).

Arcadio the Chopper (Hill Orc Monk)                  Turns: 249, Time: 00:00:53

Health: 27/27      AC:  2    Str: 19    XL:     2   Next: 45%
Magic:  2/2        EV: 13    Int: 16    God:    Cheibriados [**....]
Gold:   23         SH:  0    Dex: 19    Spells: 1/1 levels left

rFire   . . .        a - +0 hand axe
rCold   . . .        d - orb {light}
rNeg    . . .        b - +0 robe
rPois   .            (no helmet)
rElec   .            (no cloak)
rCorr   .            (no gloves)
SInv    .            (no boots)
Will    .....        (no amulet)
Stlth   +            (no ring)
HPRegen 0.24/turn    (no ring)
MPRegen 0.08/turn

%: no passive effects
@: glowing, very slow
A: no striking features
a: Renounce Religion, Bend Time


You were on level 1 of the Dungeon.
You worshipped Cheibriados.
Cheibriados was pleased with you.
You visited 1 branch of the dungeon, and saw 1 of its levels.

You collected 23 gold pieces.

Inventory:

Hand Weapons
 a - a +0 hand axe (weapon)
Armour
 b - a +0 robe (worn)
 d - an orb of light (worn)
Potions
 c - a potion of ambrosia
 e - a potion of mutation {unknown}


   Skills:
 + Level 4.0 Fighting
 + Level 4.4 Axes
 + Level 1.1 Armour
 - Level 2.4 Dodging


You had one spell level left.
You didn't know any spells.
Your spell library was empty.

Dungeon Overview and Level Annotations

Branches:
Dungeon (1/15)

Altars:
Cheibriados

Shops:
D:1 (


Message History

You hit the dart slug.
You kill the dart slug!
You hit the kobold.
The kobold throws a stone.
The stone hits you but does no damage. The kobold hits you but does no damage.
Your Armour skill increases to level 1!
The kobold hits you with a +0 short sword.
The kobold barely misses you. The rat bites you but does no damage.
You hit the kobold.
You kill the kobold!
You hit the rat.
You kill the rat!
You hit the kobold.
You kill the kobold!
Your Fighting skill increases to level 4!
Things that are here:
a +0 short sword; 5 stones You see here a rat corpse.
Found a faded altar of an unknown god.
A ball python comes into view.
The ball python hisses angrily.
There is a faded altar of an unknown god here.
You hit the ball python.
You kill the ball python!
You see here a ball python corpse.
You see here a ball python corpse.
There is a faded altar of an unknown god here.
This altar belongs to (a) Okawaru, (b) Fedhas or (c) Cheibriados, but you can't tell which.
Press the corresponding letter to learn more about a god, or press enter to convert or escape to cancel.
Cheibriados accepts your prayer! Cheibriados welcomes you!
You can now bend time to slow others.
Cheibriados raises the support of your attributes as your movement slows. x3
Cheibriados begins to support your attributes as your movement slows.
Cheibriados is now slowing the effects of poison on you.
Cheibriados raises the support of your attributes as your movement slows. x2
Unknown command.
Press < or > to pray at altars.
Cleave: a) +0 hand axe
Press: ? - help, Dir - move target, f - you
Okay, then.
Are you sure you want to abandon this character and quit the game? (Confirm with "yes".)

.)†...####.##.#.#
##...#..........#
....>...........#
........##.#....###
####.#####.#.....?###
#.......#....#...#
#######.#........#
######...#.#..#
........†.@...#
.#####...#.#..#
#.#......# #.########
#. #. #. ..


There were no monsters in sight!

Vanquished Creatures
  A dart slug (D:1)
  A bat (D:1)
  An endoplasm (D:1)
  2 jackals (D:1)
  2 kobolds (D:1)
  2 ball pythons (D:1)
  A frilled lizard (D:1)
  2 rats (D:1)
12 creatures vanquished.

Notes
Turn   | Place    | Note
-------+----------+-------------------------------------------
     0 | D:1      | Arcadio the Hill Orc Monk began the quest for the Orb.
     0 | D:1      | Reached XP level 1. HP: 19/19 MP: 1/1
   111 | D:1      | Found Emyis's Antique Weapon Boutique.
   168 | D:1      | Reached XP level 2. HP: 26/27 MP: 2/2
   215 | D:1      | Reached skill level 1 in Armour
   233 | D:1      | Found a faded altar of an unknown god.
   248 | D:1      | Prayed at the altar of an unknown god.
   248 | D:1      | Became a worshipper of Cheibriados the Contemplative
   248 | D:1      | Reached * piety under Cheibriados
   248 | D:1      | Reached ** piety under Cheibriados
   249 | D:1      | Quit the game

Illustrated notes

Levels and vault maps discovered:
D:1:      reono_arrival_forest_river, layout_basic,
          chequers_ecumenical_altar_simple, serial_shops,
          nicolae_shop_behind_doors, chequers_avenue, minmay_pentomino_p2

Skill      XL: |  1  2 |
---------------+-------+-----
Armour         | 1 |  1.1
Fighting       | 4 |  4.0
Axes           | |  4.4
Dodging        | |  2.4

Action                     || total
---------------------------++-------
  Melee: Hand axe          ||    26
 Armour: Robe              ||    16
  Dodge: Dodged            ||    17
